 Dungeon Crawl Stone Soup version 0.30.1-11-g7821555f0a (webtiles) character file.

Game seed: 5517887673939280892

53 Kallu the Ruffian (level 3, -6/31 HPs)
             Began as a Ghoul Monk on Jan 7, 2024.
             Mangled by a gnoll
             ... wielding a +0 whip
              (9 damage)
             ... on level 2 of the Dungeon.
             The game lasted 00:01:25 (1132 turns).

Kallu the Ruffian (Ghoul Monk)                      Turns: 1132, Time: 00:01:26

Health: -6/31      AC:  2    Str: 16    XL:     3   Next: 87%
Magic:  2/2        EV: 12    Int:  5    God:
Gold:   66         SH:  0    Dex: 11    Spells: 2/2 levels left

rFire   . .          .
                       - Unarmed
rCold   + . .        c - orb {light}
rNeg    + + +        a - +0 robe
rPois   ∞            (no helmet)
rElec   .            (no cloak)
rCorr   .            (no gloves)
SInv    .            (no boots)
Will    .....        (no amulet)
Stlth   +            (no ring)
HPRegen 0.00/turn    (no ring)
MPRegen 0.08/turn

%: no passive effects
@: inhibited regen, glowing
A: claws 1, cold resistance 1, negative energy resistance 3, inhibited
regeneration, torment resistance 2, devour on kill
a: no special abilities


You were on level 2 of the Dungeon.
You visited 1 branch of the dungeon, and saw 2 of its levels.

You collected 66 gold pieces.

Inventory:

Missiles
 f - 2 atropa-tipped darts (quivered)
 j - 3 poisoned darts
Armour
 a - a +0 robe (worn)
 c - an orb of light (worn)
Scrolls
 d - a scroll of fear {unknown}
 g - a scroll of vulnerability {unknown}
 h - a scroll of amnesia {unknown}
 i - a scroll of blinking {unknown}
 k - a scroll of identify {unknown}
Potions
 b - a potion of ambrosia


   Skills:
 - Level 3.2 Fighting
 - Level 2.6 Dodging
 + Level 5.1 Unarmed Combat


You had 2 spell levels left.
You didn't know any spells.
Your spell library contained the following spells:

 Spells                   Type           Power      Damage    Failure   Level
 Freeze                   Ice            0%         1d3       47%         1
 Frozen Ramparts          Ice            0%         1d1       85%         3
 Hailstorm                Conj/Ice       0%         3d3       85%         3


Dungeon Overview and Level Annotations

Branches:
Dungeon (2/15)

Altars:


Innate Abilities, Weirdness & Mutations

You are immune to poison.
You have sharp fingernails.
Your flesh is cold resistant. (rC+)
You are immune to negative energy. (rN+++)
You do not regenerate when monsters are visible.
You are immune to unholy pain and torment.
You thrive by killing the living.


Message History

Your Unarmed Combat skill increases to level 5!
The endoplasm misses you.
Things that are here:
a +0 halberd; a gnoll corpse A gnoll comes into view.
It is wielding a +0 whip.
The gnoll misses you. The endoplasm freezes you.
You are frozen.
You resist.
You scratch the gnoll.
The gnoll is lightly wounded.
The endoplasm freezes you.
You are frozen.
You resist. The gnoll closely misses you. The gnoll hits you with a +0 whip.
You scratch the gnoll.
The gnoll is moderately wounded.
The endoplasm closely misses you. The gnoll barely misses you.
The gnoll hits you from afar with a +0 halberd.
The endoplasm freezes you.
You are frozen.
You resist.
Things that are here:
a +0 halberd; a gnoll corpse The endoplasm hits you.
The endoplasm attacks as you move away! The endoplasm misses you.
The endoplasm attacks as you move away! The endoplasm closely misses you.
The endoplasm attacks as you move away! The endoplasm barely misses you.
The gnoll attacks as you move away! The gnoll hits you with a +0 whip.
The gnoll attacks as you move away! The gnoll hits you with a +0 whip.
* * * LOW HITPOINT WARNING * * *
The endoplasm attacks as you move away! The endoplasm closely misses you.
The gnoll attacks as you move away! The gnoll barely misses you.
The gnoll attacks as you move away! The gnoll barely misses you.
The endoplasm attacks as you move away! The endoplasm hits you.
* * * LOW HITPOINT WARNING * * *
Okay, then.
It was a potion of lignification.
You feel woody for a moment. The endoplasm closely misses you.
The gnoll closely misses you.
You claw the gnoll!
The gnoll is almost dead.
The gnoll hits you with a +0 whip!
You die...

#####.#.##.
########+#.##.
#...........#.
#...........#.
#...........#. #######
#...........+.
##.....####...........#.
##......g#...............
#.[..<..@.gg.............
#.♣.....♣J.........).....
#.....÷.................#
#...♣.♣.........#####...#
#...............# #...#
#.♣.....♣.......# #...#
#....>..........# #...#
##.......#......# #...#
##.....##......# ...#


You could see 3 gnolls and an endoplasm.

Vanquished Creatures
  A gnoll (D:2)
  2 worms (D:2)
  An endoplasm (D:1)
  A giant cockroach (D:1)
  3 goblins (D:1)
  3 hobgoblins
  4 jackals (D:1)
  4 quokkas (D:1)
  6 ball pythons
  A bat (D:1)
  6 kobolds (D:1)
  4 rats
36 creatures vanquished.

Notes
Turn   | Place    | Note
-------+----------+-------------------------------------------
     0 | D:1      | Kallu the Ghoul Monk began the quest for the Orb.
     0 | D:1      | Reached XP level 1. HP: 19/19 MP: 0/0
   218 | D:1      | Reached XP level 2. HP: 26/26 MP: 1/1
   278 | D:1      | Reached skill level 4 in Unarmed Combat
   355 | D:1      | Found a faded altar of an unknown god.
   509 | D:1      | Reached XP level 3. HP: 25/31 MP: 2/2
  1115 | D:2      | Reached skill level 5 in Unarmed Combat
  1132 | D:2      | Mangled by a gnoll

Illustrated notes

Levels and vault maps discovered:
D:1:      dpeg_arrival_brainrot, layout_loops_ring,
          shapermc_ecumenical_altar_flowoftime
D:2:      layout_basic, grunt_ministairs_10, uniq_sigmund,
          uniq_crazy_yiuf_cottage, uniq_jessica

Skill      XL: |  1  2  3 |
---------------+----------+-----
Unarmed Combat | 4 5 |  5.1
Fighting       | |  3.2
Dodging        | |  2.6

Action                     || total
---------------------------++-------
  Melee: Unarmed           ||   108
    Use: Potion            ||     1
 Armour: Robe              ||    12
  Dodge: Dodged            ||    57
